AoeStats
← centaurea

Arena

509596059Analyzed
2v2 RM · 6d ago on Sep 27, 2026· 67m 19s· 4 players
Game mode
Random Map
Map size
Medium (4 player)
Population
200
Speed
Normal
Resources
Standard
Victory
Conquest
Starting age
Dark Age
Ending age
Imperial Age
RankedLock teamsTeams togetherTeam positionsShared explorationLock speedFull tech treeHidden civsTurbo modeCheats
Victory
Defeat
🇨🇳 Byzantines · China
661
+10
🇪🇸 Vikings · Spain
653
+10
🇬🇷 Chinese · Greece
610
-12
🇸🇪 Persians · Sweden
444
-8
Generalen95
10:12 Feudal Age
12:02 Horse Collar
13:56 Double-Bit Axe
14:04 Gold Mining
22:01 Castle Age
20:38 Wheelbarrow
19:49 Town Watch
20:10 Arson
24:01 Squires
23:47 Gambesons
24:36 Heavy Plow
25:53 Gold Shaft Mining
26:47 Bow Saw
26:33 Stone Mining
27:50 Bow Saw
28:21 Stone Shaft Mining
30:36 Pikeman
35:25 Imperial Age
34:54 Ballistics
36:41 Chemistry
37:01 Conscription
39:40 Halberdier
40:38 Forging
40:29 Scale Mail Armor
40:35 Scale Barding Armor
40:36 Padded Archer Armor
40:27 Fletching
odysneaky
0:52 Loom
10:43 Feudal Age
21:52 Castle Age
20:17 Horse Collar
20:30 Gold Mining
20:27 Double-Bit Axe
21:23 Stone Mining
22:41 Heavy Plow
25:45 Fervor
25:51 Padded Archer Armor
25:52 Scale Mail Armor
25:43 Fletching
26:18 Pikeman
29:33 Squires
29:19 Arson
32:26 Stone Shaft Mining
32:26 Gold Shaft Mining
32:12 Bow Saw
32:38 Forging
32:45 Murder Holes
34:06 Wheelbarrow
33:16 Town Watch
33:10 Elite Skirmisher
34:54 Ballistics
37:42 Imperial Age
35:34 Scale Barding Armor
35:41 Fortified Wall
35:22 Guard Tower
35:01 Man-at-Arms
36:29 Chain Mail Armor
36:33 Leather Archer Armor
37:13 Hand Cart
36:59 Town Patrol
37:27 Masonry
37:54 Iron Casting
38:39 Chain Barding Armor
39:04 Plate Mail Armor
39:05 Ring Archer Armor
38:30 Bodkin Arrow
38:39 Great Wall
39:03 Conscription
40:26 Two-Man Saw
39:06 Sappers
41:02 Blast Furnace
40:13 Thumb Ring
39:28 Crossbowman
40:35 Halberdier
42:23 Arbalester
42:29 Capped Ram
45:04 Coinage
44:35 Caravan
44:37 Bracer
45:14 Plate Barding Armor
46:51 Two-Man Saw
48:08 Rocketry
47:12 Siege Ram
48:17 Heavy Rocket Cart
52:49 Heavy Scorpion
55:42 Light Cavalry
56:32 Bloodlines
56:22 Husbandry
56:56 Cavalier
65:35 Elite Fire Lancer
maarc1992
0:57 Loom
14:11 Feudal Age
14:57 Horse Collar
15:04 Double-Bit Axe
22:14 Forging
22:04 Scale Mail Armor
22:39 Gold Mining
22:42 Stone Mining
24:36 Fletching
24:52 Scale Barding Armor
28:22 Castle Age
28:40 Town Watch
29:01 Light Cavalry
29:05 Pikeman
29:45 Squires
29:31 Arson
30:27 Iron Casting
30:08 Chain Mail Armor
30:06 Bow Saw
30:04 Heavy Plow
32:16 Chieftains
33:30 Gold Shaft Mining
32:59 Town Patrol
33:52 Fortified Wall
34:03 Ballistics
33:40 Murder Holes
36:10 Caravan
40:08 Imperial Age
41:19 Conscription
42:03 Blast Furnace
41:34 Plate Mail Armor
41:30 Elite Berserk
42:52 Crop Rotation
43:25 Two-Man Saw
45:28 Elite Varangian Guard
50:12 Chemistry
49:02 Guard Tower
centaurea
7:23 Loom
12:08 Feudal Age
12:37 Double-Bit Axe
12:34 Horse Collar
17:22 Gold Mining
20:22 Castle Age
22:03 Stone Mining
22:25 Bow Saw
24:19 Wheelbarrow
24:13 Scale Barding Armor
24:23 Forging
25:19 Stone Shaft Mining
25:22 Gold Shaft Mining
24:52 Heavy Plow
26:32 Hand Cart
27:19 Chain Barding Armor
27:36 Iron Casting
28:05 Pikeman
31:45 Imperial Age
30:13 Scale Mail Armor
29:52 Elite Skirmisher
31:38 Thumb Ring
31:56 Chain Mail Armor
32:57 Crop Rotation
33:31 Two-Man Saw
32:12 Halberdier
33:42 Plate Mail Armor
33:47 Plate Barding Armor
34:09 Fortified Wall
35:19 Chemistry
34:40 Ballistics
35:17 Plate Barding Armor
36:36 Logistica
37:08 Elite Cataphract
39:10 Fletching
39:21 Padded Archer Armor
49:14 Bodkin Arrow
49:35 Leather Archer Armor
Connection lost

Rejoining the realm…

Still unreachable

The connection could not be restored.

Session expired

The server has moved on; the page needs a fresh start.